 Dungeon Crawl Stone Soup version 0.17.0-23-g0de4337 (webtiles) character file.

951 kosy22 the Ducker (level 7, 71/71 HPs)
             Began as a Troll Fighter on Nov 13, 2015.
             Was a Believer of Nemelex Xobeh.
             Starved to death
             ... while paralysed
             ... on level 5 of the Dungeon on Nov 14, 2015.
             The game lasted 00:14:53 (3933 turns).

kosy22 the Ducker (Troll Fighter)                   Turns: 3933, Time: 00:14:53

Health: 71/71      AC:  8    Str: 30      XL:     7   Next: 90%
Magic:  6/6        EV:  1    Int:  1 (4)  God:    Nemelex Xobeh [**....]
Gold:   166        SH:  0    Dex:  9      Spells: 0 memorised, 6 levels left

rFire  . . .     SeeInvis +     q - +14 obsidian axe {chop, +Fly Str+3 SInv *Curse}
rCold  . . .     Clarity  .     a - +0 robe
rNeg   . . .     SustAt   .     b - +0 shield
rPois  .         Gourm    +     (helmet restricted)
rElec  .         Spirit   .     (no cloak)
rCorr  .         Warding  .     (gloves unavailable)
rMut   .         Stasis   .     (boots unavailable)
MR     .....                    n - amulet of regeneration
Stlth  +.........               p - +4 ring of evasion
                                u - +3 ring of protection

@: paralysed, fainting, not resistant to hostile enchantments, very unstealthy
A: unfitting armour, claws 3, fast metabolism 3, gourmand, regeneration 2,
shaggy fur 1, tough skin 2
a: Renounce Religion, Evoke Flight


You were on level 5 of the Dungeon.
You worshipped Nemelex Xobeh.
Nemelex Xobeh was pleased with you.
You were fainting.

You visited 1 branch of the dungeon, and saw 5 of its levels.

You collected 166 gold pieces.

Inventory:

Hand Weapons
 q - the +14 obsidian axe (weapon) {chop, +Fly Str+3 SInv *Curse}
   (You found it on level 4 of the Dungeon)

   It inflicts extra damage upon your enemies.
   It affects your strength (+3).
   It lets you see invisible.
   It lets you fly.
   It may re-curse itself when equipped.
 r - the cursed +0 quarterstaff "Mihaosy" {freeze, +Fly Dex+4}
   (You found it on level 4 of the Dungeon)

   It has been specially enchanted to freeze those struck by it, causing extra
   injury to most foes and up to half again as much damage against particularly
   susceptible opponents.
   It can also slow down cold-blooded creatures.
   It affects your dexterity (+4).
   It lets you fly.
   It has a curse placed upon it.
Armour
 a - a +0 robe (worn)
 b - a +0 shield (worn)
Jewellery
 n - an amulet of regeneration (around neck)
 p - a +4 ring of evasion (right claw)
 u - a +3 ring of protection (left claw)
 z - an uncursed ring of invisibility
Wands
 A - a wand of flame (21)
Scrolls
 e - a scroll of immolation {unknown}
 g - a scroll of magic mapping {unknown}
 i - a scroll of amnesia
 m - a scroll of fog
 o - a scroll of remove curse
 s - a scroll of noise {unknown}
 t - a scroll of fear {unknown}
 y - a scroll of identify
Potions
 c - 2 potions of might
 f - 2 potions of curing
 h - a potion of haste
 j - 3 potions of heal wounds
 k - a potion of degeneration
 l - a potion of brilliance {unknown}
 v - a potion of agility
 w - a potion of ambrosia {unknown}
Miscellaneous
 d - a plain deck of war {drawn: 5}
 x - a plain deck of escape


   Skills:
 + Level 4.4 Fighting
 + Level 1.1 Axes
 + Level 5.0 Dodging
 + Level 1.5 Stealth
 + Level 3.6 Shields
 + Level 3.9 Unarmed Combat


You had 6 spell levels left.
You didn't know any spells.

Dungeon Overview and Level Annotations

Branches:
Dungeon (5/15)
 Temple: D:4-7

Altars:
Dithmenos
Fedhas
Gozag
Makhleb
Nemelex Xobeh
Okawaru
Ru
Xom


Innate Abilities, Weirdness & Mutations

You are too large for most types of armour.
You have claws for hands.
Your metabolism is lightning-fast.
You like to eat raw meat.
You heal very quickly.
You are covered in fur (AC +1).
You have very tough skin (AC +2).


Message History

There is an open door here.
You open the door.
There is an open door here.
Found a scroll labeled KIYCOTSO EFAU.
Found a lumpy coppery potion.
You are starving!
As you open the door, it creaks loudly!
There is an open door here.
You open the door.
There is an open door here.
You found a teleport trap!
Found a scratched marble ring.
You aren't carrying any food.
You are fainting from starvation!
Found a stone staircase leading down.
Drink which item? (? for menu, Esc to quit)
You have no ailments to cure.
You lose consciousness!
You have starved to death.
You die...
Your body disappears without a glow.

### ###.# ### #...#
#.# #.#.# #.######
#.#.# #.....< #.#.#
#...### #.#.#
#....@### ###
#.#.####...#.#.# ..#
#.#......#.....#
#.###.######.#.#.#.#
#.#<..# #.#.#.#.#
#.#.### #.#.#.#.#
#.#.. ..#.#.#.#
#.#.##########.#.#.#
#.#.#........#.#.#.#


There were no monsters in sight!

Vanquished Creatures
  Sigmund (D:3)
  Eustachio (D:4)
  Menkaure (D:4)
  2 hounds
  A jelly (D:5)
  A centaur skeleton (D:5)
  3 orc wizards
  2 worker ants (D:4)
  Terence (D:2)
  7 gnolls (D:4)
  4 adders
  2 oozes (D:1)
  2 adder skeletons (D:4)
  2 worms
  7 orcs
  6 hobgoblins
  4 jackals (D:2)
  7 kobolds
  A quokka (D:3)
  A ball python (D:1)
  6 bats
  2 giant cockroaches
  3 giant geckos
  A giant gecko skeleton (D:4)
  A giant gecko zombie (D:5)
  4 giant newts
  10 goblins
  7 rats
90 creatures vanquished.

Vanquished Creatures (collateral kills)
  The ghost of JudasIscariot the Skirmisher, a weakling TrFi (D:3)
  Robin (D:3)
  A worm (D:3)
  A giant gecko (D:3)
  A hobgoblin (D:3)
  7 goblins (D:3)
  A rat (D:3)
13 creatures vanquished.

Grand Total: 103 creatures vanquished

Notes
Turn   | Place    | Note
--------------------------------------------------------------
     0 | D:1      | kosy22 the Troll Fighter began the quest for the Orb.
     0 | D:1      | Reached XP level 1. HP: 22/22 MP: 0/0
   156 | D:1      | Reached XP level 2. HP: 29/29 MP: 1/1
   520 | D:1      | Reached XP level 3. HP: 36/36 MP: 2/2
  1152 | D:2      | Found a sparkling altar of Nemelex Xobeh.
  1152 | D:2      | Found an opulent altar of Gozag.
  1233 | D:2      | Became a worshipper of Nemelex Xobeh the Trickster
  1293 | D:2      | Reached skill level 3 in Dodging
  1393 | D:2      | Received a gift from Nemelex Xobeh
  1576 | D:2      | Noticed Terence
  1579 | D:2      | Killed Terence
  1579 | D:2      | Reached XP level 4. HP: 43/45 MP: 3/3
  1619 | D:2      | Found a burning altar of Makhleb.
  1622 | D:2      | Found a shadowy altar of Dithmenos.
  1626 | D:2      | Found a shimmering altar of Xom.
  1658 | D:2      | You fall through a shaft for 2 floors!
  1751 | D:4      | Reached XP level 5. HP: 41/53 MP: 4/4
  1817 | D:4      | Noticed Menkaure
  1825 | D:4      | Killed Menkaure
  1825 | D:4      | Reached skill level 1 in Stealth
  1825 | D:4      | Reached XP level 6. HP: 61/61 MP: 5/5
  1832 | D:4      | Found an iron altar of Okawaru.
  1833 | D:4      | Reached * piety under Nemelex Xobeh
  2185 | D:4      | Got a translucent quarterstaff
  2186 | D:4      | Identified the cursed +0 quarterstaff "Mihaosy" {freeze, +Fly Dex+4} (You found it on level 4 of the Dungeon)
  2291 | D:4      | Noticed Eustachio
  2296 | D:4      | Killed Eustachio
  2296 | D:4      | Reached skill level 4 in Dodging
  2470 | D:4      | Reached XP level 7. HP: 68/68 MP: 6/6
  2952 | D:3      | Noticed JudasIscariot's ghost (weakling TrFi)
  2954 | D:3      | Noticed Robin
  2959 | D:3      | Killed JudasIscariot's ghost
  2962 | D:3      | Killed Robin
  3013 | D:3      | Found a sacrificial altar of Ru.
  3027 | D:3      | Noticed Sigmund
  3035 | D:3      | Killed Sigmund
  3035 | D:3      | Reached skill level 1 in Axes
  3157 | D:3      | Reached ** piety under Nemelex Xobeh
  3384 | D:3      | Received a gift from Nemelex Xobeh
  3549 | D:5      | Entered Level 5 of the Dungeon
  3597 | D:5      | Found a blossoming altar of Fedhas.
  3654 | D:5      | Reached skill level 5 in Dodging
  3933 | D:5      | Starved to death

Action                   |  1- 3 |  4- 6 |  7- 9 || total
-------------------------+-------+-------+-------++-------
Melee: Unarmed           |   112 |    27 |       ||   139
       Broad axe         |       |    17 |    51 ||    68
Evoke: Deck              |       |     4 |     1 ||     5
  Use: Potion            |     2 |       |     3 ||     5
       Scroll            |     2 |     2 |     4 ||     8
 Stab: Sleeping          |     1 |       |     1 ||     2
  Eat: Bread ration      |     3 |       |     1 ||     4
       Chunk             |     4 |     9 |       ||    13
       Pizza             |       |       |     1 ||     1
